 Dungeon Crawl Stone Soup version 0.21.1-1-g345015fe64 (webtiles) character file.

3012 Lothor the Cleaver (level 9, -2/65 HPs)
             Began as a Demonspawn Berserker on Mar 21, 2018.
             Was a High Priest of Trog.
             Slain by Norrik's ghost (3 damage)
             ... on level 8 of the Dungeon.
             The game lasted 00:34:10 (7260 turns).

Lothor the Cleaver (Demonspawn Berserker)           Turns: 7260, Time: 00:34:10

Health: -2/65      AC:  5    Str: 20    XL:     9   Next: 55%
Magic:  0/9        EV: 12    Int:  9    God:    Trog [*****.]
Gold:   294        SH:  0    Dex: 15    Spells: 8/8 levels left

rFire    + . .     SeeInvis .   z - +5 war axe
rCold    . . .     Gourm    .   (no shield)
rNeg     . . .     Faith    .   d - +0 ring mail
rPois    .         Spirit   +   (helmet unavailable)
rElec    .         Reflect  .   (no cloak)
rCorr    .         Harm     .   (no gloves)
MR       +....                  (no boots)
Stlth    +.........             w - amulet of regeneration
HPRegen  0.60/turn              a - +2 ring of dexterity
MPRegen  0.11/turn              F - ring of protection from magic

@: about to teleport
A: horns 3, fire resistance 1, magic shield
a: Berserk, Trog's Hand, Brothers in Arms, Burn Spellbooks, Renounce Religion


You were on level 8 of the Dungeon.
You worshipped Trog.
Trog was extremely pleased with you.
You were not hungry.

You visited 2 branches of the dungeon, and saw 9 of its levels.

You collected 294 gold pieces.

Inventory:

Hand Weapons
 y - a +3 hand axe
 z - a +5 war axe (weapon)
 D - a +1 hand axe of chopping
Missiles
 e - 10 tomahawks (quivered)
 j - 182 bolts
 n - 12 sling bullets
 o - 156 stones
 r - 6 tomahawks of dispersal
 u - 90 arrows
 N - 2 javelins
Armour
 d - a +0 ring mail (worn)
 I - a +0 plate armour
Jewellery
 a - a +2 ring of dexterity (left hand)
 w - an amulet of regeneration (around neck)
 F - a ring of protection from magic (right hand)
 J - an uncursed ring of magical power
 K - an uncursed ring of fire {unknown}
 L - a cursed amulet of the gourmand {unknown}
Wands
 b - a wand of random effects (21)
Scrolls
 g - 3 scrolls of remove curse {unknown}
 h - 2 scrolls of enchant weapon {unknown}
 k - 3 scrolls of blinking {unknown}
 l - 8 scrolls of teleportation
 m - a scroll of random uselessness {unknown}
 p - a scroll of immolation {unknown}
 B - a scroll of fog {unknown}
 M - a scroll of vulnerability {unknown}
Potions
 f - 3 potions of agility {unknown}
 q - 2 potions of ambrosia {unknown}
 s - a potion of berserk rage
 v - 2 potions of resistance {unknown}
 x - a potion of degeneration {unknown}
 A - 2 potions of cancellation {unknown}
 C - a potion of brilliance {unknown}
 E - a potion of flight {unknown}
 G - a potion of haste {unknown}
 H - a potion of heal wounds {unknown}
Comestibles
 c - 12 rations
 i - 5 chunks of flesh


   Skills:
 - Level 3.7 Fighting
 + Level 11.9 Axes
 - Level 2.5 Armour
 - Level 2.1 Dodging


You had 8 spell levels left.
You didn't know any spells.

Dungeon Overview and Level Annotations

Branches:
Dungeon (8/15)             Temple (1/1) D:5
   Lair: D:8-11

Altars:
Ashenzari
Cheibriados
Dithmenos
Elyvilon
Fedhas
Gozag
Hepliaklqana
Kikubaaqudgha
Makhleb
Nemelex Xobeh
Okawaru
Qazlal
Ru
Sif Muna
Trog
Uskayaw
Vehumet
Wu Jian
Xom
Yredelemnul
Zin
The Shining One

Annotations:
D:8 Norrik's ghost, novice MiMo


Innate Abilities, Weirdness & Mutations

You have a pair of large horns on your head.
Your flesh is heat resistant. (rF+)
When hurt, damage is shared between your health and your magic reserves.


Message History

Norrik's ghost whispers, "Death is liberation."
Norrik's ghost hits you! Norrik's ghost burns you.
You miss Norrik's ghost. Norrik's ghost hits you! Norrik's ghost burns you.
You feel better.
Norrik's ghost hits you but does no damage.
As you read the scroll of teleportation, it crumbles to dust.
You feel strangely unstable.
Norrik's ghost wails, "You must not succeed where I failed!"
Norrik's ghost hits you!
* * * LOW HITPOINT WARNING * * *
Norrik's ghost burns you.
* * * LOW HITPOINT WARNING * * *
You slash Norrik's ghost!
Norrik's ghost is lightly damaged.
You hit Norrik's ghost. Your headbutt misses Norrik's ghost.
Norrik's ghost is lightly damaged.
Norrik's ghost hits you!
* * * LOW HITPOINT WARNING * * *
Norrik's ghost burns you.
You die...

#...# #.#.#........
#...#.....[
#.#.......#..
....#......###
#.#######.#..
........#
#......##.#..
.$..#.########.##.#..
.......# #.##.#.. ...
#..?.# #####.##.#..
...
#.W..###.....##.###
.... #.@..'.#......#.#
.....#....#.######.#.#
##...#...>#..........#
>'........#####...####
#................#
...###........##.# .#.
#........##+## #
###'##.......#
#.##.......#


You could see Norrik's ghost.

Vanquished Creatures
  Edmund (D:4)
  A water moccasin (D:6)
  An orc warrior (D:6)
  A sky beast (D:5)
  An ice beast (D:6)
  2 phantoms
  3 centaurs
  Blork the orc (D:6)
  3 bullfrogs
  2 scorpions
  3 crimson imps
  A centaur zombie (D:6)
  A quasit (D:7)
  A bullfrog zombie (D:5)
  A jelly (D:8)
  A centaur skeleton (D:4)
  4 hounds
  10 orc wizards
  A bullfrog skeleton (D:7)
  Natasha (thrice) (D:3)
  An iguana (D:4)
  10 worker ants
  2 worker ant zombies
  Robin (D:4)
  8 adders
  2 shadow imps
  An adder zombie (D:7)
  4 worms
  2 dart slugs
  6 leopard geckos
  34 orcs
  4 ball pythons
  7 giant cockroaches
  16 goblins
  4 hobgoblins
  9 jackals
  3 quokkas
  8 bats
  3 frilled lizards (D:3)
  2 jackal skeletons
  5 kobolds
  11 rats
185 creatures vanquished.

Vanquished Creatures (collateral kills)
  The ghost of Lothor the Spear-Bearer, a novice FoFi of Cheibriados (D:6)
  A water moccasin (D:6)
  A wyvern zombie (D:6)
  A crimson imp (D:6)
  An orc priest (D:6)
  2 orc wizards (D:6)
  3 orcs (D:6)
10 creatures vanquished.

Vanquished Creatures (others)
  2 fungi (D:6)
2 creatures vanquished.

Grand Total: 197 creatures vanquished

Notes
Turn   | Place    | Note
-------+----------+-------------------------------------------
     0 | D:1      | Lothor the Demonspawn Berserker began the quest for the Orb.
     0 | D:1      | Reached XP level 1. HP: 18/18 MP: 1/1
   242 | D:1      | Reached skill level 3 in Axes
   330 | D:1      | Gained mutation: Your flesh is heat resistant. (rF+) [demonic ancestry]
   330 | D:1      | Reached XP level 2. HP: 24/24 MP: 2/2
  1792 | D:2      | Reached XP level 3. HP: 29/29 MP: 3/3
  1942 | D:2      | Reached ** piety under Trog
  2391 | D:3      | Gained mutation: You have a pair of small horns on your head. [demonic ancestry]
  2391 | D:3      | Reached XP level 4. HP: 29/35 MP: 4/4
  2543 | D:3      | Reached skill level 4 in Axes
  2693 | D:3      | Noticed Natasha
  2711 | D:3      | Killed Natasha
  2866 | D:3      | Gained mutation: You have a pair of horns on your head. [demonic ancestry]
  2866 | D:3      | Reached XP level 5. HP: 38/42 MP: 5/5
  2952 | D:3      | Reached *** piety under Trog
  3040 | D:3      | Noticed a phantom
  3076 | D:3      | Killed a phantom
  3076 | D:3      | Reached skill level 5 in Axes
  3132 | D:3      | Noticed Natasha
  3144 | D:3      | Killed Natasha
  3144 | D:3      | Gained mutation: When hurt, damage is shared between your health and your magic reserves. [demonic ancestry]
  3144 | D:3      | Reached XP level 6. HP: 17/48 MP: 6/6
  3243 | D:3      | Noticed Natasha
  3252 | D:3      | Killed Natasha
  3768 | D:4      | Reached skill level 6 in Axes
  3768 | D:4      | Gained mutation: You have a pair of large horns on your head. [demonic ancestry]
  3768 | D:4      | Reached XP level 7. HP: 49/53 MP: 5/7
  3903 | D:4      | Reached **** piety under Trog
  4064 | D:4      | Reached skill level 7 in Axes
  4077 | D:4      | Noticed Robin
  4083 | D:4      | Killed Robin
  4261 | D:4      | Noticed Edmund
  4276 | D:4      | Killed Edmund
  4276 | D:4      | Reached skill level 8 in Axes
  4434 | D:5      | Entered Level 5 of the Dungeon
  4506 | D:5      | Reached XP level 8. HP: 33/60 MP: 3/8
  4682 | D:5      | Found a staircase to the Ecumenical Temple.
  4769 | Temple   | Entered the Ecumenical Temple
  5041 | D:5      | Reached skill level 9 in Axes
  5189 | D:5      | Reached ***** piety under Trog
  5813 | D:6      | Reached skill level 10 in Axes
  5829 | D:6      | Noticed Lothor's ghost (novice FoFi)
  5840 | D:6      | Killed Lothor's ghost
  5861 | D:6      | Found a hide-covered altar of Uskayaw.
  5865 | D:6      | Reached XP level 9. HP: 65/65 MP: 9/9
  6049 | D:6      | Reached skill level 11 in Axes
  6115 | D:6      | Noticed Blork the orc
  6122 | D:6      | Killed Blork the orc
  6461 | D:7      | Found a burning altar of Makhleb.
  6510 | D:7      | Got a dazzling hand axe
  6511 | D:7      | Identified the cursed +0 hand axe "Huza" {drain, *Rage +Rage rElec} (You found it on level 7 of the Dungeon)
  6893 | D:7      | Found a glowing golden altar of the Shining One.
  7248 | D:8      | Noticed Norrik's ghost (novice MiMo)
  7260 | D:8      | HP: 1/65 [Norrik's ghost (14)]
  7260 | D:8      | Slain by Norrik's ghost

Skill      XL: |  1  2  3  4  5  6  7  8  9 |
---------------+----------------------------+-----
Axes           | 3 4 5 6 8 10 11 | 11.9
Armour         | 2 |  2.5
Dodging        | 2 |  2.1
Fighting       | |  3.7

Action                   |  1- 3 |  4- 6 |  7- 9 || total
-------------------------+-------+-------+-------++-------
Melee: Hand axe          |   128 |    56 |       ||   184
       Headbutt          |       |    19 |    43 ||    62
       War axe           |       |    88 |   255 ||   343
Invok: Berserk           |     3 |     3 |       ||     6
       Burn Spellbooks   |       |     1 |     2 ||     3
       Brothers in Arms  |       |       |     3 ||     3
  Use: Scroll            |     2 |     5 |     6 ||    13
       Potion            |       |       |     2 ||     2
  Eat: Chunk             |     4 |     8 |    12 ||    24
       Ration            |     1 |       |       ||     1
Armor: Ring mail         |    52 |    40 |    63 ||   155
Dodge: Dodged            |    72 |    61 |   131 ||   264
